 Dungeon Crawl Stone Soup version 0.30-a0-528-g8c47a4955b (webtiles) character file.

Game seed: 3137812928967921702

354 ryw the Caller (level 6, -3/46 HPs)
             Began as a Merfolk Summoner on Dec 23, 2022.
             Slain by Pikel
             ... wielding a +1 whip of freezing
              (10 damage)
             ... on level 3 of the Dungeon.
             The game lasted 00:09:07 (5003 turns).

ryw the Caller (Merfolk Summoner)                   Turns: 5003, Time: 00:09:07

Health: -3/46      AC:  4    Str: 13    XL:     6   Next: 63%
Magic:  10/10      EV: 14    Int: 16    God:
Gold:   178        SH:  0    Dex: 16    Spells: 2/11 levels left

rFire   . . .      SeeInvis .    e - +5 lajatang of Iceaf {protect, rC+ Str+4 Dex+2}
rCold   + . .      Faith    .    (shield currently unavailable)
rNeg    . . .      Spirit   .    a - +0 robe
rPois   .          Reflect  .    (no helmet)
rElec   .          Harm     .    s - +0 cloak
rCorr   .          Rampage  .    i - +0 pair of gloves
Will    .....                    (no boots)
Stlth   ++                       (no amulet)
HPRegen 0.27/turn                m - ring of wizardry
MPRegen 0.12/turn                (no ring)

@: no status effects
A: (nimble swimmer 2), mertail
a: no special abilities


You were on level 3 of the Dungeon.
You visited 1 branch of the dungeon, and saw 4 of its levels.

You collected 178 gold pieces.

Inventory:

Hand Weapons
 e - the +5 lajatang of Iceaf (weapon) {protect, rC+ Str+4 Dex+2}
   (You acquired it on level 3 of the Dungeon)

   It grants its wielder temporary protection when it strikes (+7 to AC).
   Str:       It affects your strength (+4).
   Dex:       It affects your dexterity (+2).
   rC:        It protects you from cold.
 h - a +0 quarterstaff of venom
 r - a +2 quarterstaff of chaos
Armour
 a - a +0 robe (worn)
 i - a +0 pair of gloves (worn)
 s - a +0 cloak (worn)
Jewellery
 m - a ring of wizardry (left hand)
Wands
 v - a wand of iceblast (5)
Scrolls
 d - 3 scrolls of amnesia {unknown}
 g - 2 scrolls of fear {unknown}
 j - a scroll of butterflies {unknown}
 k - 3 scrolls of fog {unknown}
 l - a scroll of immolation {unknown}
 o - 3 scrolls of vulnerability {unknown}
 u - 2 scrolls of enchant weapon {unknown}
Potions
 c - 2 potions of brilliance {unknown}
 f - a potion of cancellation {unknown}
 p - a potion of berserk rage {unknown}
 q - 2 potions of attraction {unknown}
 t - 2 potions of degeneration {unknown}


   Skills:
 + Level 2.9 Fighting
 + Level 4.6 Dodging
 - Level 2.1 Stealth
 + Level 3.2 Spellcasting
 * Level 5.7 Summonings


You had 2 spell levels left.
You knew the following spells:

 Your Spells              Type           Power      Damage    Failure   Level
a - Summon Small Mammal   Summ           84%        N/A       1%          1
b - Call Imp              Summ           21%        N/A       1%          2
c - Call Canine Familiar  Summ           21%        N/A       1%          3
d - Summon Guardian Gole  Hex/Summ       11%        N/A       7%          3

Your spell library contained the following spells:

 Spells                   Type           Power      Damage    Failure   Level
 Hailstorm                Conj/Ice       2%         3d3       22%         3
 Summon Lightning Spire   Summ/Air       11%        N/A       22%         4
 Ice Form                 Ice/Tmut       2%         N/A       56%         4
 Simulacrum               Ice/Necr       1%         N/A       100%        6


Dungeon Overview and Level Annotations

Branches:
Dungeon (4/15)
 Temple: D:4-7

Altars:
Okawaru

Annotations:
D:3 Pikel
D:4 Grinder


Innate Abilities, Weirdness & Mutations

((You are very nimble when in or above water. (Stealth+, EV+, Speed+++)))
Your lower body shifts to a powerful aquatic tail in water.


Message History

Pikel is moderately wounded.
Pikel hits you with a +1 whip of freezing.
The lemure closely misses you.
Casting: Call Canine Familiar (safe; 1% risk of failure)
Confirm with . or Enter, or press ? or * to list all spells.
Pikel hits you with a +1 whip of freezing!
* * * LOW HITPOINT WARNING * * *
Pikel freezes you.
* * * LOW HITPOINT WARNING * * *
The lemure hits you but does no damage.
Unknown command.
Okay, then.
You feel better.
Pikel hits you with a +1 whip of freezing!
* * * LOW HITPOINT WARNING * * *
Pikel freezes you.
* * * LOW HITPOINT WARNING * * *
The lemure barely misses you.
Your quokka barely misses the lemure.
You are too injured to fight recklessly!
Casting: Summon Small Mammal (safe; 1% risk of failure)
Confirm with . or Enter, or press ? or * to list all spells.
Okay, then.
Casting: Summon Small Mammal (safe; 1% risk of failure)
Confirm with . or Enter, or press ? or * to list all spells.
Nothing appears to happen.
Pikel barely misses you.
Your quokka misses the lemure. The lemure hits you but does no damage.
You barely miss the lemure.
Your quokka barely misses the lemure.
The lemure hits you.
* * * LOW HITPOINT WARNING * * *
Pikel barely misses you.
Your quokka bites the lemure but does no damage.
Unknown command.
Okay, then.
You feel better.
Pikel hits you with a +1 whip of freezing.
* * * LOW HITPOINT WARNING * * *
The lemure barely misses you.
Your quokka barely misses the lemure.
Magic courses through your body.
Pikel hits you with a +1 whip of freezing!
You die...

#.# #......# #......# #.#
####.#.# #..###.. #########.#
#<#.# #..###.# ..........#
#.#.# #.)#...# ###########
#.#.# #....### ##### #)#.#
##.#...# ....####### #)#.#
#.###.#
..........##########(#.####.#
#..
.##.####......5K@55)).......#
##. .##(#
#..###.####r#.###.#######.
....# #..# #.# #.#.#
#......... ###.####..#
#(####.#.###.########
..........# #.##.........# #
###......##
#.##.#.##############
###...#### #.##?#.#
#..>........ .........#
#.##.#.# #.##########
.....###.# #.##.#.###.#


You could see Pikel, 3 lemures and a friendly quokka (summoned).

Vanquished Creatures
  A hound (D:4)
  Natasha (D:3)
  Robin (D:3)
  An adder (D:3)
  3 bats
  3 endoplasms
  A goblin (D:3)
  A hobgoblin (D:2)
  A kobold (D:2)
  2 quokkas
  A frilled lizard (D:2)
16 creatures vanquished.

Vanquished Creatures (collateral kills)
  Crazy Yiuf (D:3)
  Ijyb (D:4)
  Natasha (twice) (D:3)
  2 adders
  An ufetubus (D:4)
  A worm (D:4)
  A dart slug (D:3)
  4 orcs (D:3)
  4 bats
  An endoplasm (D:3)
  A giant cockroach (D:1)
  4 hobgoblins
  2 jackals (D:1)
  2 kobolds (D:3)
  A quokka (D:3)
  2 ball pythons
  2 frilled lizards (D:1)
  7 goblins (D:3)
  3 rats
42 creatures vanquished.

Vanquished Creatures (others)
  An ogre (D:4)
  3 fungi (D:3)
4 creatures vanquished.

Grand Total: 62 creatures vanquished

Notes
Turn   | Place    | Note
-------+----------+-------------------------------------------
     0 | D:1      | ryw the Merfolk Summoner began the quest for the Orb.
     0 | D:1      | Reached XP level 1. HP: 13/13 MP: 3/3
   198 | D:1      | Reached XP level 2. HP: 20/20 MP: 1/5
   271 | D:1      | Learned a level 2 spell: Call Imp
  1003 | D:2      | Reached skill level 1 in Fighting
  1116 | D:2      | Reached XP level 3. HP: 20/26 MP: 2/6
  1120 | D:2      | Learned a level 3 spell: Call Canine Familiar
  2235 | D:3      | Reached XP level 4. HP: 32/32 MP: 1/7
  2308 | D:3      | Found an iron altar of Okawaru.
  2448 | D:3      | Noticed Robin
  2456 | D:3      | Killed Robin
  2558 | D:3      | Noticed Natasha
  2564 | D:3      | Killed Natasha
  2582 | D:3      | Noticed Natasha
  2603 | D:3      | Killed Natasha
  2604 | D:3      | Reached skill level 5 in Summonings
  2604 | D:3      | Reached XP level 5. HP: 27/38 MP: 0/9
  2616 | D:3      | Noticed Natasha
  2625 | D:3      | Killed Natasha
  3400 | D:3      | Found a runed translucent door.
  3401 | D:3      | Noticed Crazy Yiuf
  3596 | D:3      | Killed Crazy Yiuf
  3861 | D:4      | Reached XP level 6. HP: 45/46 MP: 4/10
  3922 | D:4      | Learned a level 3 spell: Summon Guardian Golem
  3942 | D:4      | Noticed Grinder
  3952 | D:4      | Noticed Ijyb
  4502 | D:4      | Killed Ijyb
  4759 | D:4      | Noticed Pikel
  4991 | D:3      | Identified a scroll of acquirement
  4991 | D:3      | Acquired the +5 lajatang of Iceaf {protect, rC+ Str+4
                  | Dex+2}
  5003 | D:3      | Slain by Pikel

Illustrated notes

Levels and vault maps discovered:
D:1:      tarquinn_simple_flora_water_a, layout_loops_ring
D:2:      layout_basic, serial_curves, eino_curves_03, eino_curves_02,
          grunt_ministairs_14, minmay_misc_feat_x
D:3:      layout_loops_ring, mainiacjoe_overflow_brackets, uniq_robin,
          uniq_natasha, uniq_crazy_yiuf_cottage
D:4:      layout_loops_corners, lemuel_mausoleum_altar_kikubaaqudgha, uniq_ijyb,
          uniq_pikel, uniq_grinder

Skill      XL: |  1  2  3  4  5 |
---------------+----------------+-----
Dodging        | 3 4 |  4.6
Fighting       | 1 2 |  2.9
Summonings     | 5 |  5.7
Spellcasting   | 3 |  3.2
Stealth        | |  2.1

Action                   |  1- 3 |  4- 6 || total
-------------------------+-------+-------++-------
Melee: Unarmed           |    27 |       ||    27
       Quarterstaff      |    21 |    30 ||    51
       Lajatang          |       |     5 ||     5
 Cast: Summon Small Mamm |    29 |    15 ||    44
       Call Imp          |    18 |    12 ||    30
       Call Canine Famil |     1 |    25 ||    26
       Summon Guardian G |       |     2 ||     2
  Use: Scroll            |     4 |     1 ||     5
       Potion            |       |     3 ||     3
Armor: Robe              |    19 |    15 ||    34
Dodge: Dodged            |    61 |    51 ||   112

Table legend: (Time is in decaauts)
 A = Elapsed time spent in this place.
 B = Non-inter-level travel time spent in this place.
 C = Inter-level travel time spent in this place.
 D = Time resting spent in this place.
 E = Time spent auto-exploring this place.
 F = Levels seen in this place.
 G = Mean time per level.
                   A        B        C        D        E       F      G
               +--------+--------+--------+--------+--------+-----+--------+
         Total |   5021 |   4837 |    184 |    471 |   3512 |   4 | 1255.2 |
       Dungeon |   5021 |   4837 |    184 |    471 |   3512 |   4 | 1255.2 |
               +--------+--------+--------+--------+--------+-----+--------+

Top non-repeatable levels by time:
     D:3: 1910 daAuts
     D:2: 1101 daAuts
     D:4: 1009 daAuts
     D:1: 1000 daAuts
